 Dungeon Crawl Stone Soup version 0.31-a0-618-g7ca08c1ff9 (webtiles) character file.

Game seed: 8238810855887662421

18 VashdaNerada the Conjurer (level 2, -2/17 HPs)
             Began as an Octopode Conjurer on Aug 23, 2023.
             Succumbed to a kobold's poison
             ... on level 2 of the Dungeon.
             The game lasted 00:01:54 (1129 turns).

VashdaNerada the Conjurer (Octopode Conjurer)       Turns: 1129, Time: 00:01:54

Health: -2/17      AC:  1    Str:  6    XL:     2   Next: 70%
Magic:  3/5        EV: 13    Int: 20    God:
Gold:   97         SH:  0    Dex: 10    Spells: 2/5 levels left

rFire   . . .        (no weapon)
rCold   . . .        (no shield)
rNeg    . . .        (helmet restricted)
rPois   .            (no amulet)
rElec   .            (no ring)
rCorr   .            (no ring)
SInv    .            (no ring)
Will    .....        (no ring)
Stlth   +++          (no ring)
HPRegen 0.22/turn    (no ring)
MPRegen 0.09/turn    (no ring)
                     (no ring)

%: no passive effects
@: lethally poisoned (-2 -> -23)
A: almost no armour, amphibious, 8 rings, camouflage 1, gelatinous body 1,
(nimble swimmer 1), tentacles
a: no special abilities


You were on level 2 of the Dungeon.
You visited 1 branch of the dungeon, and saw 2 of its levels.

You collected 97 gold pieces.

Inventory:

Scrolls
 d - a scroll of poison {unknown}
Potions
 a - a potion of magic
 b - a potion of lignification {unknown}
 c - a potion of resistance {unknown}
 e - 2 potions of attraction {unknown}


   Skills:
 + Level 2.0 Dodging
 + Level 3.0 Stealth
 + Level 2.0 Spellcasting
 + Level 4.6 Conjurations


You had 2 spell levels left.
You knew the following spells:

 Your Spells              Type           Power      Damage    Failure   Level
a - Magic Dart            Conj           80%        1d7       2%          1
b - Searing Ray           Conj           40%        2d5       3%          2

Your spell library contained the following spells:

 Spells                   Type           Power      Damage    Failure   Level
 Dazzling Flash           Conj/Hex       22%        N/A       19%         3
 Fulminant Prism          Conj/Hex       5%         3d7       52%         4
 Iskenderun's Mystic Bla  Conj/Tloc      11%        2d4       52%         4


Dungeon Overview and Level Annotations

Branches:
Dungeon (2/15)

Altars:

Annotations:
D:2 Terence


Innate Abilities, Weirdness & Mutations

You cannot wear most types of armour.
You are amphibious.
You can wear up to eight rings at the same time.
Your skin changes colour to match your surroundings (Stealth+).
Your rubbery body absorbs attacks. (AC +1, EV +1)
((You are camouflaged when in or above water. (Stealth+)))
You have tentacles for arms and can constrict up to eight enemies at once.


Message History

The magic dart hits the kobold.
You kill the kobold!
A ball python comes into view.
Your Stealth skill increases to level 3!
Casting: Magic Dart (safe; 2% risk of failure)
Confirm with . or Enter, or press ? or * to list all spells.
Aiming: Magic Dart (safe; 2% risk of failure)
Press: ? - help, Shift-Dir - straight line, f - ball python
Aim: a ball python (100% to hit)
The magic dart hits the ball python!
You kill the ball python!
A bat comes into view.
An adder comes into view.
The bat moves out of view.
The adder hisses angrily.
A kobold comes into view. It is wielding a +2 dagger of venom.
There are monsters nearby!
A hobgoblin comes into view.
The hobgoblin barely misses you. The hobgoblin completely misses you.
Things that are here:
a +0 short sword; a kobold corpse The hobgoblin attacks as it pursues you!
The hobgoblin barely misses you. The kobold attacks as it pursues you!
The kobold misses you.
Terence the Incautious comes into view.
He is wielding a +0 hand axe.
The kobold attacks as it pursues you!
The kobold hits you with a +2 dagger of venom.
You are poisoned.
You feel very sick.
Terence shouts!
You feel sick. The kobold attacks as it pursues you! The kobold misses you.
You feel sick. The kobold attacks as it pursues you!
The kobold barely misses you.
You feel sick.
A quokka comes into view.
The kobold attacks as it pursues you!
The kobold hits you with a +2 dagger of venom.
* * * LOW HITPOINT WARNING * * *
You are more poisoned.
You die...

### ##@## ##...#####
#.K.......
#######...#....
#####.....#g........
#..........S.##.###. .
#.###..S........#
...##.###.#.......@...
..........)...#.#####r.


You could see an adder, a hobgoblin and a kobold.

Vanquished Creatures
  2 ball pythons
  An endoplasm (D:1)
  2 giant cockroaches (D:1)
  3 goblins (D:1)
  2 kobolds
  2 quokkas (D:1)
  A bat (D:1)
  2 frilled lizards (D:1)
  A rat (D:1)
16 creatures vanquished.

Notes
Turn   | Place    | Note
-------+----------+-------------------------------------------
     0 | D:1      | VashdaNerada the Octopode Conjurer began the quest for the
                  | Orb.
     0 | D:1      | Reached XP level 1. HP: 11/11 MP: 3/3
   248 | D:1      | Reached XP level 2. HP: 17/17 MP: 3/5
   513 | D:1      | Learned a level 2 spell: Searing Ray
  1124 | D:2      | Noticed Terence
  1129 | D:2      | Succumbed to a kobold's poison

Illustrated notes

Levels and vault maps discovered:
D:1:      sevenhm_arrival_forest_fort_large_4, layout_loops_cross,
          palyth_stone_intersect, minivault_5, minmay_misc_feat_more_columns,
          minmay_ruptured
D:2:      layout_loops_ring, nicolae_underground_beach, uniq_natasha,
          uniq_terence

Skill      XL: |  1  2 |
---------------+-------+-----
Stealth        | 3 |  3.0
Dodging        | |  2.0
Spellcasting   | |  2.0
Conjurations   | |  4.6

Action                     || total
---------------------------++-------
  Melee: Unarmed           ||    10
         Constrict         ||     2
         Tentacles         ||     2
   Cast: Magic Dart        ||    28
         Searing Ray       ||     1
 Armour: Skin              ||     2
  Dodge: Dodged            ||    14

Table legend: (Time is in decaauts)
 A = Elapsed time spent in this place.
 B = Non-inter-level travel time spent in this place.
 C = Inter-level travel time spent in this place.
 D = Time resting spent in this place.
 E = Time spent auto-exploring this place.
 F = Levels seen in this place.
 G = Mean time per level.
                   A        B        C        D        E       F      G
               +--------+--------+--------+--------+--------+-----+--------+
         Total |   1128 |   1083 |     45 |    221 |    698 |   2 |  564.0 |
       Dungeon |   1128 |   1083 |     45 |    221 |    698 |   2 |  564.0 |
               +--------+--------+--------+--------+--------+-----+--------+

Top non-repeatable levels by time:
     D:1: 1097 daAuts
     D:2: 31 daAuts
